 Dungeon Crawl Stone Soup version 0.29-a0-559-g359e09b9d1 (webtiles) character file.

Game seed: 15895033818318036920

72 DocClef the Covert (level 4, -11/41 HPs)
             Began as a Gnoll Delver on June 9, 2022.
             Mangled by an ogre
             ... wielding a +0 giant club
              (27 damage)
             ... on level 5 of the Dungeon.
             The game lasted 00:00:16 (369 turns).

DocClef the Covert (Gnoll Delver)                    Turns: 369, Time: 00:00:16

Health: -11/41     AC:  3    Str: 11    XL:     4   Next: 26%
Magic:  5/5        EV: 13    Int: 10    God:
Gold:   15         SH:  0    Dex: 15    Spells: 5/5 levels left

rFire   . . .      SeeInvis .   a - +0 short sword
rCold   . . .      Faith    .   (no shield)
rNeg    . . .      Spirit   .   b - +0 leather armour
rPois   .          Reflect  .   (no helmet)
rElec   .          Harm     .   (no cloak)
rCorr   .          Rampage  .   (no gloves)
Will    .....                   (no boots)
Stlth   ++++......              (no amulet)
HPRegen 0.13/turn               (no ring)
MPRegen 0.09/turn               (no ring)

@: no status effects
A: fangs 1, strong nose, distributed training
a: no special abilities


You were on level 5 of the Dungeon.
You visited 1 branch of the dungeon, and saw 1 of its levels.

You collected 15 gold pieces.

Inventory:

Hand Weapons
 a - a +0 short sword (weapon)
Armour
 b - a +0 leather armour (worn)
Wands
 g - a wand of digging (3)
Scrolls
 c - a scroll of fog
 d - a scroll of magic mapping
 e - a scroll of fear
Potions
 f - a potion of haste


   Skills:
 + Level 6.6 Fighting
 + Level 4.6 Short Blades
 + Level 1.1 Long Blades
 + Level 1.1 Axes
 + Level 1.1 Maces & Flails
 + Level 1.1 Polearms
 + Level 1.1 Staves
 + Level 1.1 Slings
 + Level 1.1 Bows
 + Level 1.1 Crossbows
 + Level 1.1 Throwing
 + Level 1.1 Armour
 + Level 4.6 Dodging
 + Level 9.6 Stealth
 + Level 1.1 Shields
 + Level 1.1 Unarmed Combat
 + Level 1.1 Spellcasting
 + Level 0.8 Conjurations
 + Level 0.8 Hexes
 + Level 0.8 Summonings
 + Level 0.8 Necromancy
 + Level 0.8 Translocations
 + Level 0.8 Transmutations
 + Level 0.8 Fire Magic
 + Level 0.8 Ice Magic
 + Level 0.8 Air Magic
 + Level 0.8 Earth Magic
 + Level 0.8 Poison Magic
 + Level 1.2 Invocations
 + Level 1.1 Evocations


You had 5 spell levels left.
You didn't know any spells.
Your spell library was empty.

Dungeon Overview and Level Annotations

Branches:
Dungeon (5/15)
 Temple: D:4-7

Altars:

Annotations:
D:5 3 runed translucent doors


Innate Abilities, Weirdness & Mutations

You have very sharp teeth.
Your uncanny sense of smell can sniff out nearby items.
Your experience applies equally to all skills.


Message History

You closely miss the goblin. Your bite misses the goblin.
The goblin is heavily wounded.
The goblin misses you.
You hit the goblin.
You kill the goblin!
You hit the goblin but do no damage. Your bite misses the goblin.
The goblin hits you with a +0 club.
You hit the goblin. You bite the goblin.
You kill the goblin!
You hit the goblin. Your bite misses the goblin.
The goblin is heavily wounded.
The goblin barely misses you.
You hit the goblin but do no damage.
The goblin is heavily wounded.
The goblin barely misses you.
You closely miss the goblin.
The goblin is heavily wounded.
The goblin hits you with a +0 dagger.
You hit the goblin.
You kill the goblin!
You hit the ogre. You bite the ogre.
The ogre is moderately wounded.
You hit the ogre.
The ogre is moderately wounded.
The ogre closely misses you.
You hit the ogre.
The ogre is moderately wounded.
The ogre completely misses you.
You hit the ogre.
The ogre is heavily wounded.
You hit the ogre.
The ogre is severely wounded.
The ogre hits you with a +0 giant club!!
You barely miss the ogre. Your punch misses the ogre.
The ogre is heavily wounded.
You hit the ogre.
The ogre is severely wounded.
The ogre hits you with a +0 giant club!!
Ouch! That really hurt!
You die...

#.# ##.# #.#
#.# #.##### #.#
#.#... ..#
#.#.### ###
#...†.####
###.###.(.###
#.#
#.(.'.#######
#.# #.)O@...#
#†# #######.#
##.## # #.#
###)..##.# #.#
#........## #.#
#.#...#...####
#.#
#.#)....#....#
#.#
#.#...#...##.#
#.#
##.######.###.#
#.#


You could see an ogre.

Vanquished Creatures
  2 hounds (D:5)
  An orc (D:5)
  8 goblins (D:5)
11 creatures vanquished.

Notes
Turn   | Place    | Note
-------+----------+-------------------------------------------
     0 | D:5      | Reached skill level 9 in Stealth
     0 | D:5      | DocClef the Gnoll Delver began the quest for the Orb.
     0 | D:5      | Reached XP level 1. HP: 23/23 MP: 1/1
    28 | D:5      | Found a runed translucent gate.
    28 | D:5      | Found a runed translucent gate.
    28 | D:5      | Found a runed translucent gate.
    59 | D:5      | Noticed a hound
    62 | D:5      | Killed a hound
    63 | D:5      | Reached XP level 2. HP: 29/29 MP: 2/2
    63 | D:5      | Reached XP level 3. HP: 35/35 MP: 3/3
   177 | D:5      | Reached skill level 1 in Long Blades
   177 | D:5      | Reached skill level 1 in Axes
   177 | D:5      | Reached skill level 1 in Maces & Flails
   177 | D:5      | Reached skill level 1 in Polearms
   177 | D:5      | Reached skill level 1 in Staves
   177 | D:5      | Reached skill level 1 in Slings
   177 | D:5      | Reached skill level 1 in Bows
   177 | D:5      | Reached skill level 1 in Crossbows
   177 | D:5      | Reached skill level 1 in Throwing
   177 | D:5      | Reached skill level 1 in Armour
   177 | D:5      | Reached skill level 1 in Shields
   177 | D:5      | Reached skill level 1 in Unarmed Combat
   177 | D:5      | Reached skill level 1 in Spellcasting
   177 | D:5      | Reached skill level 1 in Invocations
   177 | D:5      | Reached skill level 1 in Evocations
   177 | D:5      | Reached XP level 4. HP: 27/41 MP: 5/5
   331 | D:5      | Noticed an ogre
   369 | D:5      | Mangled by an ogre

Illustrated notes

Levels and vault maps discovered:
D:5:      layout_loops_ring, okawaru_ov_weapons_minmay, minitemple,
          gammafunk_ghost_necromancy, grunt_decor_mini_mirrors,
          minmay_ogre_servants, uniq_crazy_yiuf_cottage

Skill      XL: |  1  2  3 |
---------------+----------+-----
Stealth        | |  9.6
Long Blades    | 1 |  1.1
Axes           | 1 |  1.1
Maces & Flails | 1 |  1.1
Polearms       | 1 |  1.1
Staves         | 1 |  1.1
Slings         | 1 |  1.1
Bows           | 1 |  1.1
Crossbows      | 1 |  1.1
Throwing       | 1 |  1.1
Armour         | 1 |  1.1
Shields        | 1 |  1.1
Unarmed Combat | 1 |  1.1
Spellcasting   | 1 |  1.1
Invocations    | 1 |  1.2
Evocations     | 1 |  1.1
Fighting       | |  6.6
Short Blades   | |  4.6
Dodging        | |  4.6
Conjurations   | |  0.8
Hexes          | |  0.8
Summonings     | |  0.8
Necromancy     | |  0.8
Translocations | |  0.8
Transmutations | |  0.8
Fire Magic     | |  0.8
Ice Magic      | |  0.8
Air Magic      | |  0.8
Earth Magic    | |  0.8
Poison Magic   | |  0.8

Action                   |  1- 3 |  4- 6 || total
-------------------------+-------+-------++-------
Melee: Short sword       |    27 |    35 ||    62
       Bite              |     2 |     4 ||     6
 Stab: Distracted        |     1 |       ||     1
Armor: Leather armour    |     1 |       ||     1
Dodge: Dodged            |    21 |    14 ||    35

Table legend: (Time is in decaauts)
 A = Elapsed time spent in this place.
 B = Non-inter-level travel time spent in this place.
 C = Inter-level travel time spent in this place.
 D = Time resting spent in this place.
 E = Time spent auto-exploring this place.
 F = Levels seen in this place.
 G = Mean time per level.
                   A        B        C        D        E       F      G
               +--------+--------+--------+--------+--------+-----+--------+
         Total |    361 |    361 |      0 |      0 |    288 |   1 |  361.0 |
       Dungeon |    361 |    361 |      0 |      0 |    288 |   1 |  361.0 |
               +--------+--------+--------+--------+--------+-----+--------+

Top non-repeatable levels by time:
     D:5: 361 daAuts
